 Dungeon Crawl Stone Soup version 0.31-a0-986-g5e6e4ef867 (webtiles) character file.

Game seed: 7226720205281600985

276 CowFu the Changeling (level 6, -1/47 HPs)
             Began as a Djinni Shapeshifter on Nov 24, 2023.
             Was a Believer of Fedhas.
             Slain by an ogre
             ... wielding a +0 giant spiked club
              (21 damage)
             ... on level 4 of the Dungeon.
             The game lasted 00:03:11 (3035 turns).

CowFu the Changeling (Djinni Shapeshifter)          Turns: 3035, Time: 00:03:11

Health: -1/47      AC:  2    Str: 15    XL:     6   Next: 50%
Gold:   82         EV: 10    Int: 11    God:    Fedhas [**....] SH:  7 Dex: 13

rFire   + +          .
                       - Unarmed
rCold   x . .        f - +0 kite shield
rNeg    . . .        a - +0 animal skin
rPois   ∞            (helmet currently unavailable)
rElec   .            (cloak currently unavailable)
rCorr   .            (gloves currently unavailable)
SInv    .            (boots unavailable)
Will    .....        (no amulet)
Stlth   +            e - +4 ring of slaying
HPRegen 0.27/turn    (no ring)
MPRegen 0.00/turn

%: infuse magic (-2 HP)
@: beast-form, flying
A: beast (slay +2), flying, sickness immunity, fire resistance 2, cold
vulnerability 1, float, innate caster, HP casting, extra vitality 1
a: Begin Untransformation, Renounce Religion, Wall of Briars


You were on level 4 of the Dungeon.
You worshipped Fedhas.
Fedhas was pleased with you.
You were a hulking beast.
You visited 1 branch of the dungeon, and saw 4 of its levels.

You collected 152 gold pieces.
You spent 70 gold pieces at shops.

Inventory:

Armour
 a - a +0 animal skin (worn)
 f - a +0 kite shield (worn)
 s - a +0 pair of gloves
 w - a +0 cloak
Jewellery
 e - a +4 ring of slaying (left hand)
 n - an amulet of the acrobat
 r - a ring of fire
Talismans
 c - a beast talisman
 d - a flux talisman
Wands
 l - a wand of polymorph (10)
Scrolls
 g - a scroll of identify
 j - a scroll of fog
 q - 3 scrolls of teleportation
 v - 3 scrolls of revelation
Potions
 b - a potion of lignification
 h - 2 potions of berserk rage
 i - 2 potions of curing
 k - a potion of attraction {unknown}
 m - a potion of enlightenment
 o - a potion of haste
 p - 2 potions of heal wounds {unknown}
 t - a potion of degeneration {unknown}
 u - a potion of brilliance {unknown}


   Skills:
 + Level 3.7 Fighting
 - Level 2.1 Dodging
 + Level 4.1 Unarmed Combat
 + Level 4.1 Shapeshifting


You knew the following spells:

 Your Spells              Type           Power      Damage    Failure   Level
a - Freeze                Ice            0%         1d3       78%         1
b - Wereblood             Tmut           0%         N/A       89%         2
Your spell library was empty.

Dungeon Overview and Level Annotations

Branches:
Dungeon (4/15)
 Temple: D:4-7

Altars:
Cheibriados
Fedhas

Shops:
D:2 ?


Innate Abilities, Weirdness & Mutations

You are a hulking beast.
Your limbs bulge with bestial killing power. (Slay +2)
You are flying.
You are immune to sickness and miasma.
You are immune to poison.
Your flesh is very heat resistant. (rF++)
You are vulnerable to cold. (rC-)
You float through the air rather than walking.
You learn spells naturally, not from books.
Your magical power is your life essence.
You have superior vitality. (+4 MHP)


Message History

Fedhas appreciates your contribution to the ecosystem.
Found a leather armour.
No target in view!
Found a stone staircase leading up.
No target in view!
A ball python comes into view.
Found a shiny orb.
A ball python is nearby!
The ball python bites you. The ball python grabs you.
The ball python constricts you.
You punch the ball python!
You kill the ball python!
Fedhas appreciates your contribution to the ecosystem.
An ogre comes into view. It is wielding a +0 giant spiked club.
The ogre shouts!
An ogre is nearby!
The ogre hits you with a +0 giant spiked club!!
Ouch! That really hurt!
You are too injured to fight recklessly!
You are too injured to fight recklessly!
You are too injured to fight recklessly!
You are too injured to fight recklessly!
You hit the ogre.
The ogre is lightly wounded.
You hit the ogre.
The ogre is lightly wounded.
The ogre barely misses you.
You hit the ogre.
The ogre is moderately wounded.
The ogre barely misses you.
You hit the ogre.
The ogre is heavily wounded.
The ogre closely misses you.
You hit the ogre.
The ogre is heavily wounded.
You hit the ogre.
The ogre is almost dead.
The ogre hits you with a +0 giant spiked club!!
You die...
Fedhas appreciates your contribution to the ecosystem.

..........#####.....##.#
.......##.### #..<......
.....####...###†.......#
.....####.#......##....#
.......##....#.........#
.............##........#
.............##.........
....................#...
..........[..##.h..## .
...............[O..?#
....#...................
...............#.....#..
##........##..##....## .
.#. #.. ....## . # ...
..### #. ##. ### #..


You could see an ogre.

Vanquished Creatures
  A hound (D:3)
  An orc priest (D:4)
  Crazy Yiuf (D:3)
  5 adders
  4 gnolls (D:3)
  3 worms
  3 dart slugs
  4 orcs
  7 bats
  9 endoplasms
  2 giant cockroaches
  12 goblins
  10 hobgoblins
  7 kobolds
  6 quokkas
  6 ball pythons
  2 frilled lizards
  3 rats
86 creatures vanquished.

Notes
Turn   | Place    | Note
-------+----------+-------------------------------------------
     0 | D:1      | CowFu the Djinni Shapeshifter began the quest for the Orb.
     0 | D:1      | Reached XP level 1. HP: 17/17 MP: 0/0
   106 | D:1      | Reached XP level 2. HP: 21/22 MP: 0/0
   458 | D:1      | Reached XP level 3. HP: 28/28 MP: 0/0
   458 | D:1      | Learned a level 1 spell: Freeze
  1055 | D:2      | Reached XP level 4. HP: 23/34 MP: 0/0
  1509 | D:2      | Found Nyxtiena's Magic Scroll Emporium.
  1517 | D:2      | Bought a scroll of identify for 28 gold pieces
  1517 | D:2      | Bought a scroll of teleportation for 42 gold pieces
  1530 | D:2      | Found a faded altar of an unknown god.
  1579 | D:2      | Prayed at the altar of an unknown god.
  1579 | D:2      | Became a worshipper of Fedhas Madash
  1579 | D:2      | Reached * piety under Fedhas
  1779 | D:3      | Found a snail-covered altar of Cheibriados.
  1842 | D:3      | Reached XP level 5. HP: 36/40 MP: 0/0
  1842 | D:3      | Learned a level 2 spell: Wereblood
  2135 | D:3      | HP: 1/40 [gnoll/+0 whip (2)]
  2417 | D:3      | Reached XP level 6. HP: 44/46 MP: 0/0
  2438 | D:3      | Reached ** piety under Fedhas
  2700 | D:3      | Found a runed translucent door.
  2701 | D:3      | Noticed Crazy Yiuf
  2710 | D:3      | Killed Crazy Yiuf
  3026 | D:4      | Noticed an ogre
  3035 | D:4      | Slain by an ogre

Illustrated notes

Levels and vault maps discovered:
D:1:      denvon_arrival_planthouse, layout_loops_cross
D:2:      layout_loops_cross, shapermc_ecumenical_altar_petra, serial_shops,
          shop
D:3:      minmay_diamond_boxcup, layout_basic, cheibrodos_worm_habitat,
          uniq_crazy_yiuf_cottage
D:4:      kennysheep_the_goblin_king, layout_cave_pools,
          nicolae_nh_ransacked_shop

Skill      XL: |  1  2  3  4  5  6 |
---------------+-------------------+-----
Shapeshifting  | 3 4 |  4.1
Fighting       | 2 3 |  3.7
Unarmed Combat | 4 |  4.1
Dodging        | |  2.1

Action                     |  1- 3 |  4- 6 || total
---------------------------+-------+-------++-------
  Melee: Unarmed           |    75 |   140 ||   215
    Use: Scroll            |       |     8 ||     8
   Stab: Sleeping          |     1 |       ||     1
 Armour: Animal skin       |    27 |    64 ||    91
  Dodge: Dodged            |    31 |    51 ||    82
  Block: Kite shield       |    20 |    59 ||    79

Table legend: (Time is in decaauts)
 A = Elapsed time spent in this place.
 B = Non-inter-level travel time spent in this place.
 C = Inter-level travel time spent in this place.
 D = Time resting spent in this place.
 E = Time spent auto-exploring this place.
 F = Levels seen in this place.
 G = Mean time per level.
                   A        B        C        D        E       F      G
               +--------+--------+--------+--------+--------+-----+--------+
         Total |   3062 |   2946 |    116 |      0 |   2379 |   4 |  765.5 |
       Dungeon |   3062 |   2946 |    116 |      0 |   2379 |   4 |  765.5 |
               +--------+--------+--------+--------+--------+-----+--------+

Top non-repeatable levels by time:
     D:3: 1149 daAuts
     D:1: 817 daAuts
     D:2: 816 daAuts
     D:4: 279 daAuts
